 Dungeon Crawl Stone Soup version 0.29-a0-520-gc852659d43 (webtiles) character file.

Game seed: 4179341249110484722

788 garrulousMonolith the Chopper (level 7, -4/61 HPs)
             Began as a Hill Orc Fighter on June 1, 2022.
             Was an Initiate of Beogh.
             Slain by an ogre
             ... wielding a +0 giant club
              (24 damage)
             ... on level 4 of the Dungeon.
             The game lasted 00:06:13 (4718 turns).

garrulousMonolith the Chopper (Hill Orc Fighter)    Turns: 4718, Time: 00:06:13

Health: -4/61      AC: 13    Str: 19    XL:     7   Next: 87%
Magic:  9/9        EV:  6    Int: 10    God:    Beogh [......]
Gold:   251        SH:  4    Dex: 10    Spells: 6/6 levels left

rFire   . . .      SeeInvis .   a - +0 war axe
rCold   . . .      Faith    .   c - +0 buckler
rNeg    . . .      Spirit   .   n - +0 plate armour
rPois   .          Reflect  .   (no helmet)
rElec   .          Harm     .   (no cloak)
rCorr   .          Rampage  .   v - +0 pair of gloves
Will    .....                   (no boots)
Stlth   ..........              (no amulet)
HPRegen 0.20/turn               (no ring)
MPRegen 0.11/turn               (no ring)

@: no status effects
A: no striking features
a: Renounce Religion


You were on level 4 of the Dungeon.
You worshipped Beogh.
Beogh was noncommittal.
You visited 2 branches of the dungeon, and saw 6 of its levels.
You also visited: Sewer.

You collected 251 gold pieces.

Inventory:

Hand Weapons
 a - a +0 war axe (weapon)
 q - a +0 hunting sling
Missiles
 g - 3 boomerangs (quivered)
 p - 8 poisoned darts
Armour
 b - a +0 scale mail
 c - a +0 buckler (worn)
 n - a +0 plate armour (worn)
 r - a +0 chain mail
 v - a +0 pair of gloves (worn)
Jewellery
 u - a ring of fire
Wands
 o - a wand of polymorph (8)
Scrolls
 e - 4 scrolls of vulnerability
 h - a scroll of enchant weapon {unknown}
 i - 2 scrolls of poison {unknown}
 k - a scroll of enchant armour {unknown}
 s - a scroll of fog
 y - a scroll of torment {unknown}
Potions
 d - a potion of berserk rage
 f - a potion of resistance {unknown}
 j - 4 potions of attraction
 l - a potion of curing
 m - a potion of haste {unknown}
 x - a potion of mutation {unknown}
 z - a potion of heal wounds


   Skills:
 + Level 5.2 Fighting
 * Level 6.6 Axes
 + Level 4.7 Armour
 + Level 2.3 Dodging
 + Level 4.7 Shields
 + Level 3.7 Invocations


You had 6 spell levels left.
You didn't know any spells.
Your spell library was empty.

Dungeon Overview and Level Annotations

Branches:
Dungeon (5/15)             Temple (1/1) D:4           Sewer (visited)

Altars:
Ashenzari
Cheibriados
Dithmenos
Elyvilon
Fedhas
Gozag
Hepliaklqana
Makhleb
Okawaru
Qazlal
Ru
Sif Muna
Uskayaw
Vehumet
Wu Jian
Xom
Yredelemnul
Zin

Shops:
D:3 (

Annotations:
D:5 2 runed translucent doors


Message History

There is a stone staircase leading up here.
The orc hits you but does no damage. The ogre hits you with a +0 giant club!
You block the jackal's attack.
You climb upwards.
There is a stone staircase leading down here.
You hit the ogre.
The ogre is lightly wounded.
You hit the jackal but do no damage. You slash the orc!
You kill the orc!
Beogh accepts your kill. The jackal bites you.
The ogre hits you with a +0 giant club! The jackal closely misses you.
You barely miss the ogre.
The ogre is lightly wounded.
You barely miss the jackal. The jackal bites you. You block the ogre's attack.
The jackal bites you but does no damage.
You slash the ogre!
The ogre is moderately wounded.
You hit the jackal.
The jackal bites you but does no damage.
The ogre hits you with a +0 giant club!!
* * * LOW HITPOINT WARNING * * *
You feel much better.
The jackal bites you but does no damage. x2
You barely miss the ogre.
The ogre is moderately wounded.
You closely miss the jackal.
The jackal bites you but does no damage.
The ogre hits you with a +0 giant club!
You barely miss the ogre.
The ogre is moderately wounded.
You closely miss the jackal. The jackal bites you.
The jackal bites you but does no damage.
The ogre barely misses you.
You slash the ogre!
The ogre is almost dead.
You hit the jackal but do no damage.
The jackal bites you but does no damage. x2
The ogre hits you with a +0 giant club!!
You die...

#).####.##...###.#
.<......##.### #.#
#..#######.# #.#
.....# #.# #.# ##.#.#
#.# #.# #.#<# #.## #.#
#.#.# #>.# #.# #.#.#
##.# #h# ##.#.# #.#
#@##### #.#..# #.#
#O)..!# .###.# #.#
#####.# #.#..# #.# #.#
#..#.# #.# #.# #..#.#
#.# #.# ...#.#
#.########.#
#.##.######†††.......#
............##########


You could see an ogre and a jackal.

Vanquished Creatures
  A water moccasin (Sewer)
  An ice beast (D:3)
  An ogre (D:4)
  A howler monkey (D:5)
  A hound (D:4)
  4 iguanas
  Terence (D:3)
  An orc wizard (D:3)
  4 gnolls (D:4)
  8 adders
  An ufetubus (D:5)
  3 worms
  6 dart slugs
  10 orcs
  14 bats
  9 endoplasms
  4 giant cockroaches
  8 goblins
  8 hobgoblins
  18 jackals
  4 quokkas
  8 ball pythons
  A frilled lizard (D:1)
  11 kobolds
  11 rats
139 creatures vanquished.

Notes
Turn   | Place    | Note
-------+----------+-------------------------------------------
     0 | D:1      | garrulousMonolith the Hill Orc Fighter began the quest for
                  | the Orb.
     0 | D:1      | Reached XP level 1. HP: 19/19 MP: 1/1
    74 | D:1      | Reached skill level 3 in Axes
    74 | D:1      | Reached XP level 2. HP: 27/27 MP: 2/2
   224 | D:1      | Reached skill level 1 in Invocations
   345 | D:1      | Reached XP level 3. HP: 33/33 MP: 3/3
  1032 | D:2      | Found an opulent altar of Gozag.
  1217 | D:2      | Reached XP level 4. HP: 40/40 MP: 5/5
  1235 | D:2      | Found a faded altar of an unknown god.
  1326 | D:2      | Reached skill level 1 in Dodging
  1331 | D:2      | Reached skill level 4 in Axes
  2257 | D:3      | Found Ogaupsos's Weapon Boutique.
  2448 | D:3      | Reached XP level 5. HP: 46/46 MP: 6/6
  2490 | D:3      | Noticed Terence
  2490 | D:3      | Noticed an ice beast
  2939 | D:3      | Killed an ice beast
  2940 | D:3      | Reached skill level 5 in Axes
  2940 | D:3      | Reached XP level 6. HP: 53/53 MP: 7/7
  2946 | D:3      | Killed Terence
  3401 | D:4      | Found a glowing drain.
  3416 | Sewer    | Entered a sewer
  3458 | Sewer    | Noticed a water moccasin
  3480 | Sewer    | Killed a water moccasin
  3481 | Sewer    | Reached XP level 7. HP: 17/60 MP: 9/9
  3893 | D:4      | Found a staircase to the Ecumenical Temple.
  3902 | D:4      | Reached skill level 6 in Axes
  3909 | D:4      | Reached skill level 5 in Fighting
  3911 | Temple   | Entered the Ecumenical Temple
  4240 | D:4      | Became a worshipper of Beogh the Brigand
  4502 | D:5      | Entered Level 5 of the Dungeon
  4562 | D:5      | Found a large runed translucent door.
  4563 | D:5      | Found a large runed translucent door.
  4718 | D:4      | Slain by an ogre

Illustrated notes

Levels and vault maps discovered:
D:1:      dpeg_arrival_ratfight, layout_basic, minmay_misc_feat_columns,
          serial_park_tiny_1, hangedman_feature_mirror
D:2:      layout_rooms, basic_altar, basic_ecumenical_altar,
          nicolae_concentric_dashed_squares_mild
D:3:      layout_loops_ring, serial_shops, nicolae_shop_window_shopping,
          uniq_terence
D:4:      layout_loops_ring, minmay_temple_entry_drinking_statues,
          portal_sewer_entry_d, minmay_vboxes
D:5:      layout_basic, kiku_gazebo_pond_becter, jmf_multi_god_temple2
Temple:   mainiacjoe_temple_coin_purse

Skill      XL: |  1  2  3  4  5  6  7 |
---------------+----------------------+-----
Axes           | 3 4 5 6 |  6.6
Invocations    | 1 2 3 |  3.7
Fighting       | 4 5 |  5.2
Dodging        | 1 2 |  2.3
Armour         | 4 |  4.7
Shields        | 4 |  4.7

Action                   |  1- 3 |  4- 6 |  7- 9 || total
-------------------------+-------+-------+-------++-------
Melee: War axe           |   104 |   187 |    95 ||   386
Invok: Convert to Beogh  |       |       |     1 ||     1
  Use: Scroll            |       |     6 |     2 ||     8
       Potion            |       |     4 |     1 ||     5
Armor: Scale mail        |    39 |       |       ||    39
       Plate armour      |    32 |   177 |    78 ||   287
Dodge: Dodged            |    38 |    57 |    34 ||   129
Block: Buckler           |    22 |    46 |    34 ||   102

Table legend: (Time is in decaauts)
 A = Elapsed time spent in this place.
 B = Non-inter-level travel time spent in this place.
 C = Inter-level travel time spent in this place.
 D = Time resting spent in this place.
 E = Time spent auto-exploring this place.
 F = Levels seen in this place.
 G = Mean time per level.
                   A        B        C        D        E       F      G
               +--------+--------+--------+--------+--------+-----+--------+
         Total |   4844 |   4617 |    227 |    732 |   2764 |   7 |  692.0 |
       Dungeon |   4358 |   4145 |    213 |    532 |   2595 |   5 |  871.6 |
        Temple |    149 |    135 |     14 |      0 |    122 |   1 |  149.0 |
         Sewer |    336 |    336 |      0 |    200 |     47 |   1 |  336.0 |
               +--------+--------+--------+--------+--------+-----+--------+

Top non-repeatable levels by time:
     D:2: 1098 daAuts
     D:1: 1060 daAuts
     D:4: 1055 daAuts
     D:3: 1037 daAuts
   Sewer: 336 daAuts
  Temple: 149 daAuts
     D:5: 106 daAuts
